[ AOE2 MATCH · #507664876 ]
UnrankedArmenians vs Wu
Player's team · WIN
Rival team · LOSS
[ REPLAY ANALYSIS · EXTRACTED FROM THE RECORDED GAME ]
Feudal
11:55
Castle
—
Imperial
—
| APM avg | 65.2 |
| APM peak | 89 |
| eAPM avg | 28.3 |
| Villagers / military | 54 / 40 |
Focus
⚔️ 42.9% · 🌾 57.1%
Militia ×18 · Skirmisher ×14 · Spearman ×6 · Archer ×2
Feudal
9:24
Castle
—
Imperial
—
| APM avg | 58.8 |
| APM peak | 101 |
| eAPM avg | 24.0 |
| Villagers / military | 55 / 19 |
Focus
⚔️ 25.7% · 🌾 74.3%
Archer ×13 · Scout Cavalry ×6
Match map
Initial resources + every placement click. Lines = walls · curves = elevation contours. ◆ gold · ⬟ stone · ● berries · ✦ relic · ◌ wall gap
Your base· Open — unwalled flank
CORP_ Zata's base· Open — unwalled flank
Smoothed initial terrain · ◌ = detected wall gap · hover for details
Inputs per minute
— PWLG | Legend - - CORP_ Zata
Build order — PWLG | Legend
First 150 of 161 actions detected
| 0:00 | Queue | Villager (Male) |
| 0:00 | Queue | Villager (Male) |
| 0:00 | Queue | Villager (Male) |
| 0:00 | Queue | Villager (Male) |
| 0:02 | Build | House |
| 0:03 | Build | House |
| 1:34 | Queue | Villager (Male) |
| 1:41 | Build | Mule Cart |
| 2:05 | Queue | Villager (Male) |
| 2:27 | Queue | Villager (Male) |
| 2:52 | Queue | Villager (Male) |
| 3:00 | Build | House |
| 3:18 | Queue | Villager (Male) |
| 3:42 | Queue | Villager (Male) |
| 3:46 | Build | Barracks |
| 4:15 | Queue | Villager (Male) |
| 4:15 | Queue | Villager (Male) |
| 4:26 | Build | House |
| 4:31 | Build | House |
| 4:35 | Queue | Villager (Male) |
| 4:45 | Queue | Spearman |
| 5:02 | Queue | Villager (Male) |
| 5:13 | Queue | Spearman |
| 5:25 | Queue | Villager (Male) |
| 5:25 | Queue | Villager (Male) |
| 5:36 | Queue | Spearman |
| 5:57 | Queue | Villager (Male) |
| 6:14 | Build | Mill |
| 6:29 | Queue | Villager (Male) |
| 6:50 | Queue | Villager (Male) |
| 7:08 | Queue | Villager (Male) |
| 7:09 | Queue | Villager (Male) |
| 7:12 | Build | Farm |
| 7:21 | Build | Farm |
| 7:29 | Queue | Villager (Male) |
| 7:29 | Queue | Villager (Male) |
| 7:36 | Build | Mule Cart |
| 7:55 | Research | Loom |
| 8:01 | Build | House |
| 8:26 | Queue | Villager (Male) |
| 8:28 | Build | Farm |
| 8:31 | Build | Farm |
| 8:33 | Queue | Villager (Male) |
| 8:45 | Queue | Villager (Male) |
| 8:53 | Queue | Villager (Male) |
| 8:54 | Queue | Villager (Male) |
| 8:54 | Queue | Villager (Male) |
| 8:54 | Queue | Villager (Male) |
| 8:55 | Queue | Villager (Male) |
| 9:05 | Queue | Villager (Male) |
| 9:08 | Build | Farm |
| 9:39 | Queue | Villager (Male) |
| 9:45 | Research | Feudal Age |
| 9:45 | Research | Feudal Age |
| 9:55 | Queue | Villager (Male) |
| 10:07 | Build | House |
| 10:26 | Build | Farm |
| 10:28 | Build | Farm |
| 10:43 | Queue | Villager (Male) |
| 11:02 | Queue | Villager (Male) |
| 11:55 | Age | Feudal Age |
| 12:00 | Build | Archery Range |
| 12:24 | Research | Double-Bit Axe |
| 12:24 | Research | Double-Bit Axe |
| 12:29 | Research | Man-at-Arms (upgrade) |
| 12:35 | Queue | Skirmisher |
| 12:35 | Queue | Skirmisher |
| 12:35 | Queue | Skirmisher |
| 12:44 | Build | Palisade Wall |
| 13:05 | Queue | Skirmisher |
| 13:12 | Queue | Villager (Male) |
| 13:13 | Queue | Villager (Male) |
| 13:13 | Queue | Villager (Male) |
| 13:26 | Queue | Spearman |
| 13:37 | Queue | Militia |
| 13:37 | Queue | Militia |
| 13:37 | Queue | Militia |
| 13:42 | Queue | Skirmisher |
| 13:48 | Build | Blacksmith |
| 13:52 | Build | Palisade Wall |
| 13:53 | Queue | Villager (Male) |
| 13:53 | Queue | Villager (Male) |
| 13:58 | Build | House |
| 14:08 | Research | Wheelbarrow |
| 14:14 | Build | Palisade Wall |
| 14:36 | Queue | Skirmisher |
| 14:43 | Queue | Skirmisher |
| 14:49 | Queue | Militia |
| 15:00 | Build | House |
| 15:04 | Build | House |
| 15:04 | Build | House |
| 15:08 | Queue | Militia |
| 15:10 | Research | Long Swordsman (upgrade) |
| 15:12 | Queue | Skirmisher |
| 15:14 | Research | Padded Archer Armor |
| 15:19 | Build | Palisade Wall |
| 15:21 | Build | Palisade Gate |
| 15:26 | Build | Palisade Wall |
| 15:29 | Queue | Villager (Male) |
| 15:48 | Build | Farm |
| 15:48 | Build | Farm |
| 15:48 | Build | Farm |
| 15:49 | Build | Farm |
| 15:49 | Build | Farm |
| 15:49 | Build | Farm |
| 15:56 | Queue | Militia |
| 15:57 | Queue | Villager (Male) |
| 16:04 | Queue | Villager (Male) |
| 16:06 | Build | House |
| 16:08 | Build | Farm |
| 16:10 | Build | Farm |
| 16:25 | Queue | Villager (Male) |
| 16:32 | Queue | Skirmisher |
| 16:47 | Queue | Militia |
| 16:47 | Queue | Militia |
| 16:51 | Build | Farm |
| 17:10 | Queue | Militia |
| 17:11 | Queue | Villager (Male) |
| 17:19 | Queue | Archer |
| 17:22 | Queue | Villager (Male) |
| 17:29 | Build | Palisade Wall |
| 17:48 | Research | Scale Mail Armor |
| 17:49 | Queue | Villager (Male) |
| 18:00 | Build | House |
| 18:02 | Build | Farm |
| 18:09 | Research | Arson |
| 18:09 | Research | Arson |
| 18:34 | Queue | Villager (Male) |
| 18:35 | Queue | Militia |
| 18:36 | Queue | Militia |
| 18:37 | Queue | Skirmisher |
| 18:37 | Queue | Skirmisher |
| 18:38 | Queue | Skirmisher |
| 18:38 | Queue | Skirmisher |
| 18:46 | Build | Barracks |
| 18:47 | Queue | Villager (Male) |
| 18:51 | Queue | Archer |
| 18:55 | Build | Farm |
| 18:57 | Queue | Villager (Male) |
| 19:07 | Queue | Militia |
| 19:07 | Queue | Militia |
| 19:07 | Queue | Militia |
| 19:09 | Build | House |
| 19:10 | Build | House |
| 19:45 | Queue | Spearman |
| 19:46 | Queue | Spearman |
| 19:47 | Queue | Villager (Male) |
| 19:47 | Queue | Villager (Male) |
| 19:49 | Queue | Villager (Male) |
| 19:51 | Queue | Militia |
Build order — CORP_ Zata
131 actions detected in the replay
| 0:00 | Queue | Villager (Male) |
| 0:00 | Queue | Villager (Male) |
| 0:01 | Build | House |
| 0:02 | Build | House |
| 0:03 | Build | House |
| 0:08 | Queue | Villager (Male) |
| 0:15 | Queue | Villager (Male) |
| 0:15 | Queue | Villager (Male) |
| 1:26 | Queue | Villager (Male) |
| 1:26 | Queue | Villager (Male) |
| 1:55 | Queue | Villager (Male) |
| 1:55 | Queue | Villager (Male) |
| 1:55 | Queue | Villager (Male) |
| 2:03 | Build | Lumber Camp |
| 2:12 | Queue | Villager (Male) |
| 2:13 | Queue | Villager (Male) |
| 2:47 | Queue | Villager (Male) |
| 3:15 | Queue | Villager (Male) |
| 3:45 | Queue | Villager (Male) |
| 3:56 | Queue | Villager (Male) |
| 4:29 | Queue | Villager (Male) |
| 4:36 | Queue | Villager (Male) |
| 4:36 | Queue | Villager (Male) |
| 4:36 | Queue | Villager (Male) |
| 5:41 | Queue | Villager (Male) |
| 5:59 | Build | Mining Camp |
| 6:19 | Queue | Villager (Male) |
| 6:22 | Research | Loom |
| 7:10 | Build | Palisade Wall |
| 7:12 | Build | Palisade Wall |
| 7:14 | Research | Feudal Age |
| 7:48 | Queue | Villager (Male) |
| 8:20 | Queue | Villager (Male) |
| 8:31 | Build | Palisade Wall |
| 8:36 | Build | Barracks |
| 9:19 | Queue | Villager (Male) |
| 9:23 | Build | Mill |
| 9:24 | Age | Feudal Age |
| 9:52 | Build | House |
| 9:55 | Build | House |
| 10:12 | Build | Archery Range |
| 10:21 | Queue | Villager (Male) |
| 10:29 | Queue | Villager (Male) |
| 10:31 | Build | Palisade Wall |
| 10:41 | Research | Double-Bit Axe |
| 10:50 | Queue | Villager (Male) |
| 10:52 | Queue | Villager (Male) |
| 11:02 | Queue | Archer |
| 11:04 | Queue | Villager (Male) |
| 11:07 | Queue | Archer |
| 11:12 | Build | House |
| 11:17 | Build | Farm |
| 11:18 | Build | Farm |
| 11:21 | Build | Farm |
| 11:21 | Build | Farm |
| 11:25 | Queue | Villager (Male) |
| 11:31 | Research | Double-Bit Axe |
| 11:40 | Queue | Archer |
| 12:04 | Queue | Villager (Male) |
| 12:06 | Queue | Archer |
| 12:08 | Queue | Archer |
| 12:23 | Build | Palisade Wall |
| 12:24 | Build | Palisade Wall |
| 12:32 | Queue | Archer |
| 12:33 | Queue | Villager (Male) |
| 12:41 | Queue | Villager (Male) |
| 12:55 | Queue | Villager (Male) |
| 13:03 | Queue | Villager (Male) |
| 13:22 | Queue | Villager (Male) |
| 13:23 | Build | Stable |
| 13:27 | Queue | Villager (Male) |
| 13:48 | Queue | Archer |
| 13:50 | Build | Palisade Wall |
| 13:53 | Build | Farm |
| 14:04 | Build | House |
| 14:21 | Queue | Villager (Male) |
| 14:28 | Queue | Villager (Male) |
| 14:29 | Queue | Archer |
| 14:34 | Queue | Scout Cavalry |
| 14:47 | Queue | Villager (Male) |
| 14:48 | Build | Farm |
| 14:50 | Queue | Villager (Male) |
| 15:01 | Queue | Villager (Male) |
| 15:05 | Build | Farm |
| 15:06 | Build | Farm |
| 15:13 | Build | House |
| 15:29 | Queue | Villager (Male) |
| 15:36 | Queue | Villager (Male) |
| 15:38 | Build | Farm |
| 15:40 | Build | House |
| 15:45 | Build | Farm |
| 15:49 | Queue | Villager (Male) |
| 16:01 | Queue | Villager (Male) |
| 16:06 | Build | Farm |
| 16:15 | Queue | Scout Cavalry |
| 16:19 | Queue | Villager (Male) |
| 16:23 | Build | House |
| 16:40 | Queue | Scout Cavalry |
| 17:02 | Queue | Villager (Male) |
| 17:15 | Queue | Scout Cavalry |
| 17:17 | Queue | Archer |
| 17:20 | Build | Blacksmith |
| 17:29 | Queue | Archer |
| 17:30 | Queue | Villager (Male) |
| 17:31 | Build | House |
| 17:32 | Build | House |
| 17:46 | Queue | Villager (Male) |
| 17:57 | Build | Farm |
| 17:58 | Build | Farm |
| 18:03 | Build | House |
| 18:08 | Build | Stone Wall |
| 18:12 | Build | Stone Wall |
| 18:26 | Build | Farm |
| 18:27 | Build | Farm |
| 18:27 | Queue | Scout Cavalry |
| 18:28 | Queue | Archer |
| 18:31 | Research | Fletching |
| 18:39 | Queue | Villager (Male) |
| 18:41 | Build | House |
| 18:42 | Queue | Villager (Male) |
| 18:43 | Queue | Archer |
| 18:48 | Research | Scale Barding Armor |
| 18:50 | Research | Forging |
| 18:56 | Build | Farm |
| 19:09 | Queue | Villager (Male) |
| 19:55 | Queue | Scout Cavalry |
| 19:56 | Queue | Archer |
| 20:02 | Build | Farm |
| 20:03 | Build | Farm |
| 20:12 | Queue | Villager (Male) |
| 20:22 | Build | Lumber Camp |
Match timeline
| 3:46 | PWLG | Legend · first_building Barracks |
| 7:10 | CORP_ Zata · wall_segment Palisade Wall x1 |
| 7:12 | CORP_ Zata · wall_segment Palisade Wall x1 |
| 8:31 | CORP_ Zata · wall_segment Palisade Wall x1 |
| 8:36 | CORP_ Zata · first_building Barracks |
| 9:24 | CORP_ Zata · age_up feudal |
| 10:12 | CORP_ Zata · first_building Archery Range |
| 10:31 | CORP_ Zata · wall_segment Palisade Wall x1 |
| 11:55 | PWLG | Legend · age_up feudal |
| 12:00 | PWLG | Legend · first_building Archery Range |
| 12:23 | CORP_ Zata · wall_segment Palisade Wall x1 |
| 12:24 | CORP_ Zata · wall_segment Palisade Wall x3 |
| 12:44 | PWLG | Legend · wall_segment Palisade Wall x1 |
| 13:23 | CORP_ Zata · first_building Stable |
| 13:50 | CORP_ Zata · wall_segment Palisade Wall x1 |
| 13:52 | PWLG | Legend · wall_segment Palisade Wall x11 |
| 14:14 | PWLG | Legend · wall_segment Palisade Wall x7 |
| 15:19 | PWLG | Legend · wall_segment Palisade Wall x8 |
| 15:26 | PWLG | Legend · wall_segment Palisade Wall x8 |
| 17:29 | PWLG | Legend · wall_segment Palisade Wall x10 |
| 18:08 | CORP_ Zata · wall_segment Stone Wall x1 |
| 18:12 | CORP_ Zata · wall_segment Stone Wall x1 |
| 20:31 | CORP_ Zata · resign |
[ AI ANALYSIS · 1 CREDIT ]
What really happened in this match?
Wolo.gg analyzes every decision: build order, eco, micro, common mistakes by bracket. Personalized analysis on WhatsApp or Discord in 30 seconds.
Civ guide
Armenians
Perfil
Jugador #25694758